 Dungeon Crawl Stone Soup version 0.20.0-10-g0535bb4 (webtiles) character file.

81 pib the Firebug (level 4, -2/24 HPs)
             Began as a Deep Elf Fire Elementalist on June 7, 2017.
             Killed from afar by Gorglomux's ghost (6 damage)
             ... with a zap
             ... on level 3 of the Dungeon.
             The game lasted 00:05:25 (1803 turns).

pib the Firebug (Deep Elf Fire Elementalist)        Turns: 1803, Time: 00:05:25

Health: -2/24      AC:  2    Str:  5    XL:     4   Next: 20%
Magic:  5/10       EV: 13    Int: 21    God:
Gold:   159        SH:  0    Dex: 15    Spells: 5/9 levels left

rFire    . . .     SeeInvis .   n - +1 dagger (holy)
rCold    + . .     Gourm    .   (no shield)
rNeg     . . .     Faith    .   a - +0 robe
rPois    .         Spirit   .   (no helmet)
rElec    .         Reflect  .   (no cloak)
rCorr    .         Harm     .   (no gloves)
MR       .....                  (no boots)
Stlth    +++.......             (no amulet)
Regen    0.1/turn               e - ring of stealth
MPRegen  0.2/turn               s - ring of protection from cold

@: no status effects
A: no striking features
a: no special abilities


You were on level 3 of the Dungeon.
You were hungry.

You visited 1 branch of the dungeon, and saw 3 of its levels.

You collected 159 gold pieces.

Inventory:

Hand Weapons
 j - a +0 short sword
 n - a +1 dagger of holy wrath (weapon)
Armour
 a - a +0 robe (worn)
Jewellery
 e - a ring of stealth (left hand)
 r - an uncursed amulet of magic regeneration {unknown}
 s - a ring of protection from cold (right hand)
Scrolls
 g - a scroll of teleportation {unknown}
 h - a scroll of identify
 i - a scroll of fog {unknown}
 l - 2 scrolls of remove curse {unknown}
 q - a scroll of enchant weapon {unknown}
Potions
 k - a potion of heal wounds {unknown}
 o - a potion of lignification {unknown}
 p - a potion of curing {unknown}
Books
 b - a book of Flames

   Spells                             Type                      Level
   a - Flame Tongue                   Conjuration/Fire             1
   b - Throw Flame                    Conjuration/Fire             2
   c - Conjure Flame                  Conjuration/Fire             3
   d - Inner Flame                    Hexes/Fire                   3
   e - Sticky Flame                   Conjuration/Fire             4
   f - Fireball                       Conjuration/Fire             5
Comestibles
 c - 2 bread rations
 f - 3 meat rations
 m - a royal jelly


   Skills:
 - Level 2.4 Dodging
 - Level 2.4 Stealth
 - Level 3.0 Spellcasting
 * Level 3.1 Conjurations
 * Level 4.5 Fire Magic


You had 5 spell levels left.
You knew the following spells:

 Your Spells              Type           Power        Failure   Level  Hunger
a - Flame Tongue          Conj/Fire      ###..        2%          1    None
b - Conjure Flame         Conj/Fire      ###.....     9%          3    ###....


Dungeon Overview and Level Annotations

Branches:
Dungeon (3/15)

Altars:
Ashenzari
Cheibriados
Fedhas
Kikubaaqudgha

Annotations:
D:3 Gorglomux's ghost, amateur HaAE


Message History

Confirm with . or Enter, or press ? or * to list all spells.
Aiming: Flame Tongue
Press: ? - help, Shift-Dir - straight line, f/p - jackal
Aim: a jackal The flame tongue misses the jackal.
The flame tongue hits the kobold.
You kill the kobold!
The jackal bites you. The jackal closely misses you.
Casting: Flame Tongue
Confirm with . or Enter, or press ? or * to list all spells.
Aiming: Flame Tongue
Press: ? - help, Shift-Dir - straight line, f/p - jackal
Aim: a jackal The flame tongue hits the jackal.
You kill the jackal!
Gorglomux's ghost casts a spell at you. The zap hits you! x2
* * * LOW HITPOINT WARNING * * *
Gorglomux's ghost gestures at you while chanting.
The zap hits you!
You die...

... #.. #W# #†#
#K# #.# #.# ##
######W##### ..
........).†@# .
#######.#.###
...#.# .....#.#
.......#.#
.......#.#
#+######'######
#.............#
#.............#


You could see Gorglomux's ghost.

Vanquished Creatures
  An adder (D:2)
  2 worms (D:2)
  A dart slug (D:1)
  A leopard gecko (D:2)
  A ball python (D:2)
  3 giant cockroaches
  7 goblins
  8 hobgoblins
  6 jackals
  7 kobolds
  A quokka (D:3)
  6 bats
  2 frilled lizards
  11 rats
57 creatures vanquished.

Notes
Turn   | Place    | Note
-------+----------+-------------------------------------------
     0 | D:1      | pib the Deep Elf Fire Elementalist began the quest for the Orb.
     0 | D:1      | Reached XP level 1. HP: 10/10 MP: 6/6
   168 | D:1      | Reached XP level 2. HP: 15/15 MP: 5/8
   621 | D:2      | Reached skill level 4 in Fire Magic
   653 | D:2      | Reached XP level 3. HP: 19/19 MP: 3/9
   754 | D:2      | Found an ancient bone altar of Kikubaaqudgha.
   940 | D:2      | Learned a level 3 spell: Conjure Flame
  1178 | D:2      | Found a blossoming altar of Fedhas.
  1376 | D:3      | Reached XP level 4. HP: 24/24 MP: 7/10
  1765 | D:3      | Found a snail-covered altar of Cheibriados.
  1767 | D:3      | Found a shattered altar of Ashenzari.
  1793 | D:3      | Noticed Gorglomux's ghost (amateur HaAE)
  1803 | D:3      | Killed from afar by Gorglomux's ghost

Skill      XL: |  1  2  3 |
---------------+----------+-----
Conjurations   | 2 3 |  3.1
Fire Magic     | 4 |  4.5
Dodging        | |  2.4
Stealth        | |  2.4
Spellcasting   | |  3.0

Action                   |  1- 3 |  4- 6 || total
-------------------------+-------+-------++-------
Melee: Unarmed           |     1 |       ||     1
       Dagger            |     1 |       ||     1
       Short sword       |     1 |       ||     1
 Cast: Flame Tongue      |    72 |    22 ||    94
  Use: Scroll            |       |     2 ||     2
  Eat: Chunk             |     1 |     1 ||     2
Armor: Robe              |     3 |     1 ||     4
Dodge: Dodged            |     9 |     7 ||    16
